 Dungeon Crawl Stone Soup version 0.29-a0-870-g2c972031a6 (webtiles) character file.

Game seed: 17878285025228642011

86 nxtlvl the Cutter (level 4, 0/27 HPs)
             Began as a Deep Elf Monk on July 17, 2022.
             Succumbed to an adder's poison
             ... on level 3 of the Dungeon.
             The game lasted 00:07:06 (1371 turns).

nxtlvl the Cutter (Deep Elf Monk)                   Turns: 1371, Time: 00:07:07

Health: 0/27       AC:  4    Str:  8    XL:     4   Next: 26%
Magic:  6/6        EV: 13    Int: 17    God:
Gold:   52         SH:  0    Dex: 17    Spells: 3/3 levels left

rFire   + . .      SeeInvis .   a - +0 short sword
rCold   + . .      Faith    .   (no shield)
rNeg    . . .      Spirit   .   l - +0 leather armour
rPois   +          Reflect  .   (no helmet)
rElec   +          Harm     .   i - +0 cloak
rCorr   +          Rampage  .   (no gloves)
Will    .....                   (no boots)
Stlth   ++........              (no amulet)
HPRegen 0.09/turn               q - ring of flight
MPRegen 0.10/turn               (no ring)

@: mighty, lethally poisoned (0 -> -2), resistant, attractive, flying
A: no striking features
a: no special abilities


You were on level 3 of the Dungeon.
You visited 1 branch of the dungeon, and saw 4 of its levels.

You collected 66 gold pieces.
You spent 14 gold pieces at shops.

Inventory:

Hand Weapons
 a - a +0 short sword (weapon)
 b - a +0 sling
Missiles
 e - 2 throwing nets
 o - 35 stones
 t - 7 poisoned darts (quivered)
Armour
 i - a +0 cloak (worn)
 l - a +0 leather armour (worn)
Magical Staves
 f - a staff of air
Jewellery
 q - a ring of flight (left hand)
Scrolls
 c - a scroll of poison {unknown}
 g - 2 scrolls of identify {unknown}
 h - 2 scrolls of immolation {unknown}
 m - a scroll of vulnerability {unknown}
 p - a scroll of magic mapping {unknown}
 r - a scroll of teleportation {unknown}
 u - a scroll of blinking {unknown}
Potions
 n - a potion of flight {unknown}
 s - a potion of lignification {unknown}


   Skills:
 - Level 2.4 Fighting
 * Level 5.1 Short Blades
 - Level 3.6 Dodging
 - Level 2.4 Stealth


You had 3 spell levels left.
You didn't know any spells.
Your spell library contained the following spells:

 Spells                   Type           Power      Damage    Failure   Level
 Call Canine Familiar     Summ           0%         N/A       71%         3
 Portal Projectile        Hex/Tloc       0%         N/A       71%         3
 Leda's Liquefaction      Hex/Erth       0%         N/A       98%         4


Dungeon Overview and Level Annotations

Branches:
Dungeon (4/15)
 Temple: D:4-7

Altars:

Shops:
D:2 *   D:3 !

Annotations:
D:3 2 runed translucent doors, omnesmortales's ghost, weakling MiHu


Message History

The ball python bites you. The ball python constricts you.
You miss the adder. The adder bites you. The ball python closely misses you.
The ball python constricts you.
You barely miss the adder. The adder bites you but does no damage.
The ball python closely misses you. The ball python constricts you.
You barely miss the ball python. The adder misses you.
The ball python bites you but does no damage.
The ball python constricts you.
You hit the ball python.
You kill the ball python!
The adder completely misses you. The adder closely misses you. x2
You hit the adder.
The adder is lightly wounded.
The adder bites you.
* * * LOW HITPOINT WARNING * * *
You are lethally poisoned!
The adder poisons you!
You closely miss the adder.
* * * LOW HITPOINT WARNING * * *
You feel sick. The adder bites you but does no damage.
You hit the adder.
The adder is moderately wounded.
* * * LOW HITPOINT WARNING * * *
You feel sick. The adder bites you but does no damage.
You hit the adder.
The adder is severely wounded.
* * * LOW HITPOINT WARNING * * *
You feel sick. The adder bites you but does no damage.
It was a potion of resistance.
You feel protected.
* * * LOW HITPOINT WARNING * * *
You feel sick. The adder closely misses you.
It was a potion of might.
You feel very mighty all of a sudden.
* * * LOW HITPOINT WARNING * * *
You feel sick. The adder misses you. The adder bites you but does no damage.
It was a potion of attraction.
You feel attractive to monsters.
You die...

######## #......###
##### #.#......#
#.... #.#......#
#.### #.#......#
#.# #.#......# #.#
#.#......######.#
#.@S...#...<....#
#####.#############
#.# #.).....##
##.## #.......##
##...###.......##
#.....##.......##
##...###.......##
##.####.......##
#............#


You could see an adder.

Vanquished Creatures
  A hound (D:3)
  2 adders (D:3)
  A dart slug (D:2)
  7 ball pythons
  3 bats
  5 endoplasms
  2 giant cockroaches (D:3)
  2 goblins (D:3)
  3 hobgoblins
  A quokka (D:2)
  4 frilled lizards
  A kobold (D:3)
  2 rats
34 creatures vanquished.

Notes
Turn   | Place    | Note
-------+----------+-------------------------------------------
     0 | D:1      | nxtlvl the Deep Elf Monk began the quest for the Orb.
     0 | D:1      | Reached XP level 1. HP: 13/13 MP: 3/3
   115 | D:1      | Found a faded altar of an unknown god.
   452 | D:2      | Reached XP level 2. HP: 15/18 MP: 4/4
   559 | D:3      | Found a runed translucent door.
   560 | D:3      | Noticed omnesmortales's ghost (weakling MiHu)
   561 | D:3      | Noticed a bullfrog
   623 | D:2      | Found Mini's General Store.
   663 | D:2      | Bought a potion of degeneration for 14 gold pieces
   712 | D:2      | Reached skill level 4 in Short Blades
   804 | D:3      | Found Posupp's Distillery.
   806 | D:3      | Found a runed translucent door.
   840 | D:3      | Reached XP level 3. HP: 15/22 MP: 5/5
  1231 | D:3      | Reached skill level 5 in Short Blades
  1231 | D:3      | Reached XP level 4. HP: 12/27 MP: 6/6
  1369 | D:3      | HP: 1/27 [poisoned by an adder]
  1371 | D:3      | Succumbed to an adder's poison

Illustrated notes

Levels and vault maps discovered:
D:1:      dpeg_arrival_chambers_temple_mockup, layout_loops_ring,
          hellmonk_ecumenical_altar_arch_garden, roderic_filled_cross,
          minmay_misc_feat_alley
D:2:      layout_basic, basic_altar, serial_shops, nicolae_shop_crystal,
          uniq_terence, uniq_jessica
D:3:      layout_loops_cross, lemuel_tele_altar, serial_shops,
          nicolae_shop_stone, ebering_ghost_sewer_f, minmay_puff
D:4:      layout_gridville, amethyst_overflow_temple_binary,
          minmay_misc_feat_cross, st_stairs_7, uniq_robin, uniq_eustachio

Skill      XL: |  1  2  3 |
---------------+----------+-----
Short Blades   | 4 5 |  5.1
Fighting       | |  2.4
Dodging        | |  3.6
Stealth        | |  2.4

Action                   |  1- 3 |  4- 6 || total
-------------------------+-------+-------++-------
Melee: Short sword       |    94 |    22 ||   116
       Punch             |     1 |       ||     1
 Fire: Sling             |    17 |       ||    17
  Use: Potion            |     1 |     3 ||     4
 Stab: Sleeping          |     8 |       ||     8
Armor: Leather armour    |    44 |    13 ||    57
       Robe              |     1 |       ||     1
Dodge: Dodged            |    79 |    31 ||   110

Table legend: (Time is in decaauts)
 A = Elapsed time spent in this place.
 B = Non-inter-level travel time spent in this place.
 C = Inter-level travel time spent in this place.
 D = Time resting spent in this place.
 E = Time spent auto-exploring this place.
 F = Levels seen in this place.
 G = Mean time per level.
                   A        B        C        D        E       F      G
               +--------+--------+--------+--------+--------+-----+--------+
         Total |   1362 |   1257 |    105 |      0 |    273 |   4 |  340.5 |
       Dungeon |   1362 |   1257 |    105 |      0 |    273 |   4 |  340.5 |
               +--------+--------+--------+--------+--------+-----+--------+

Top non-repeatable levels by time:
     D:3: 749 daAuts
     D:1: 422 daAuts
     D:2: 188 daAuts
     D:4: 1 daAuts
